 Dungeon Crawl Stone Soup version 0.19.1 (webtiles) character file.

202 Menchi the Slasher (level 6, -3/46 HPs)
             Began as a Formicid Skald on Dec 15, 2016.
             Killed by nerve-wracking pain
             ... invoked by an orc priest
              (14 damage)
             ... on level 3 of the Dungeon.
             The game lasted 00:11:52 (3163 turns).

Menchi the Slasher (Formicid Skald)                 Turns: 3163, Time: 00:11:52

Health: -3/46      AC: 12    Str: 18    XL:     6   Next: 8%
Magic:  9/9        EV:  5    Int: 17    God:
Gold:   106        SH:  3    Dex: 10    Spells: 1 memorised, 8 levels left

rFire  . . .     SeeInvis +     a - +1 falchion
rCold  + . .     Gourm    .     f - +0 plate armour {rC+}
rNeg   . . .     Faith    .     p - +0 buckler
rPois  .         Spirit   .     (helmet unavailable)
rElec  .         Reflect  .     (no cloak)
rCorr  .         Harm     .     (no gloves)
MR     .....                    r - +0 pair of boots
Stlth  ..........               (no amulet)
                                (no ring)
                                (no ring)

@: brilliant
A: permanent stasis, dig shafts and tunnels, four strong arms, antennae 3
a: Dig, Shaft Self


You were on level 3 of the Dungeon.
You were not hungry.

You visited 1 branch of the dungeon, and saw 3 of its levels.

You collected 106 gold pieces.

Inventory:

Hand Weapons
 a - a +1 falchion (weapon)
Armour
 f - a +0 plate armour of cold resistance (worn)
 p - a +0 buckler (worn)
 r - a +0 pair of boots (worn)
Scrolls
 b - a scroll of magic mapping
 e - 4 scrolls of identify
 h - 2 scrolls of remove curse
Potions
 g - a potion of might
 k - 2 potions of brilliance
 l - a potion of curing
 m - 2 potions of agility {unknown}
 n - a potion of heal wounds {unknown}
 s - a potion of cancellation {unknown}
 t - a potion of haste {unknown}
 w - a potion of lignification {unknown}
Books
 c - a book of Battle

   Spells                             Type                      Level
   a - Infusion                       Charms                       1
   b - Shroud of Golubria             Charms/Translocation         2
   c - Song of Slaying                Charms                       2
   d - Spectral Weapon                Hexes/Charms                 3
   e - Regeneration                   Charms/Necromancy            3
Comestibles
 d - a bread ration
 o - 2 meat rations
 v - 3 chunks of flesh
 z - a slice of pizza
 A - a beef jerky
 B - a royal jelly


   Skills:
 + Level 2.8 Fighting
 * Level 4.0 Long Blades
 * Level 3.5 Armour
 + Level 1.1 Dodging
 + Level 0.3 Stealth
 + Level 2.2 Spellcasting
 + Level 3.4 Charms


You had 8 spell levels left.
You knew the following spells:

 Your Spells              Type           Power        Failure   Level  Hunger
a - Infusion              Chrm           ###.         61%         1    #......


Dungeon Overview and Level Annotations

Branches:
Dungeon (3/15)

Altars:
Elyvilon


Innate Abilities, Weirdness & Mutations

You are under a permanent stasis effect.
You can dig through walls and to a lower floor.
Your four strong arms can wield two-handed weapons with a shield.
You have a pair of large antennae on your head. (SInv)


Message History

* * * LOW HITPOINT WARNING * * *
You feel sick.
The orc priest hits you but does no damage.
The kobold shoots a poisoned needle.
You block the poisoned needle.
You hit the orc priest but do no damage.
* * * LOW HITPOINT WARNING * * *
You feel sick. You block the orc priest's attack.
The kobold shoots a poisoned needle.
The poisoned needle hits you.
You are more poisoned.
You hit the orc priest but do no damage.
* * * LOW HITPOINT WARNING * * *
You feel sick.
The orc priest hits you with a hand axe.
* * * LOW HITPOINT WARNING * * *
The kobold shoots a poisoned needle.
The poisoned needle hits you!
You are more poisoned.
You feel better.
The orc priest calls down the wrath of Beogh upon you.
Pain shoots through your body!
You die...

#,,,,,,.....##+##*,*,*.#,*,*,,,,,
##..............#***,#.#.*,*,****
##..............#,,,..[..*,*,****
##..............####.#...,,,,,,,*
##..............#........,,*,**,*
##..........##.K.K.......,,*,**,*
.................).......,>,,,,,,
##.#.####.####.##)##.#.#.,,*,****
......###..((.)o@(...#,*,,,*,*
##.#........##)##.##.....,,*,*
##.#.######.##.##.#*,#.#.,,*,*
.....######.##.#..##.#,#,,,*,*
......)....(..........,,,,,,,*
####.######.##.#..##.#***,,***
.....# #.##.#..#*,* *,,* ####.#
###K##(#..#*,* *,,* ,,,..#
#....{....##.###*,,*


You could see an orc priest and a kobold.

Vanquished Creatures
  An orc wizard (D:3)
  An orc priest (D:3)
  Ijyb (D:2)
  2 adders
  2 worms
  7 dart slugs
  2 leopard geckos
  8 orcs (D:3)
  2 bats
  A giant cockroach (D:3)
  18 goblins
  6 hobgoblins
  4 jackals (D:3)
  6 kobolds
  2 frilled lizards (D:1)
  4 rats
67 creatures vanquished.

Vanquished Creatures (others)
  An orc (D:3)
  A bat (D:3)
2 creatures vanquished.

Grand Total: 69 creatures vanquished

Notes
Turn   | Place    | Note
-------+----------+-------------------------------------------
     0 | D:1      | Menchi the Formicid Skald began the quest for the Orb.
     0 | D:1      | Reached XP level 1. HP: 16/16 MP: 3/3
   260 | D:1      | Reached XP level 2. HP: 9/22 MP: 5/5
  1126 | D:2      | Reached XP level 3. HP: 23/28 MP: 6/6
  1260 | D:2      | Reached skill level 1 in Dodging
  1741 | D:2      | Reached XP level 4. HP: 8/34 MP: 7/7
  2096 | D:2      | Noticed Ijyb
  2139 | D:2      | Killed Ijyb
  2139 | D:2      | Reached skill level 3 in Long Blades
  2513 | D:3      | Reached XP level 5. HP: 32/39 MP: 8/8
  2625 | D:3      | Found a white marble altar of Elyvilon.
  2872 | D:3      | Reached skill level 4 in Long Blades
  2875 | D:3      | Reached XP level 6. HP: 21/46 MP: 9/9
  3163 | D:3      | Killed from afar by an orc priest

Skill      XL: |  1  2  3  4  5 |
---------------+----------------+-----
Dodging        | 1 |  1.1
Long Blades    | 3 4 |  4.0
Armour         | 2 3 |  3.5
Fighting       | |  2.8
Stealth        | |  0.3
Spellcasting   | |  2.2
Charms         | |  3.4

Action                   |  1- 3 |  4- 6 || total
-------------------------+-------+-------++-------
Melee: Falchion          |   153 |   160 ||   313
 Abil: Dig               |       |     2 ||     2
  Use: Scroll            |     1 |     6 ||     7
       Potion            |       |     5 ||     5
  Eat: Chunk             |     2 |     6 ||     8
Armor: Plate armour      |   129 |   138 ||   267
Dodge: Dodged            |    39 |    36 ||    75
Block: Buckler           |     8 |    20 ||    28
       Rpst.: Falchion   |     9 |    11 ||    20
